General information
- name: BNet
- type: Ladder team game (AT/RT)
- host: Battle.net
- saver: HawkAndAnimal
map: Deathknell
- players: 8
- length: 53:19
- speed: Fast
- version: 1.26 W3XP
- replay type: Public
» download(273 KB)
Players
team 1 (loser)
omen2 (
purple | 58 APM | 2212 actions | 38:01)
6 Blademaster
3 Wind Walk
2 Critical Strike
1 Bladestorm
3 Shadow Hunter
2 Healing Wave
1 Hex
4 Far Seer
2 Feral Spirit
2 Chain Lighting
» actions
| Assign group hotkey | 31 | |
| Basic commands | 53 | |
| Build / train | 62 | |
| Enter build submenu | 24 | |
| Enter hero's abilities submenu | 13 | |
| Give item / drop item | 1 | |
| Right click | 1207 | |
| Select / deselect | 306 | |
| Select group hotkey | 374 | |
| Use ability | 141 | |
2212 total
» units
| Peon | 10 | |
| Wind Rider | 5 | |
| Shaman | 1 | |
| Troll Batrider | 3 | |
19 total
» upgrades
| Spiked Barricades | 3 | |
| Ranged Weapons | 1 | |
| Armor | 1 | |
| Reinforced Defenses | 1 | |
| Envenomed Spears | 1 | |
| Shaman Training | 2 | |
| Liquid Fire | 1 | |
| Pillage | 1 | |
11 total
» buildings
| Altar of Storms | 2 | |
| Orc Burrow | 6 | |
| Voodoo Lounge | 1 | |
| War Mill | 1 | |
| Stronghold | 1 | |
| Beastiary | 3 | |
| Fortress | 1 | |
| Spirit Lodge | 2 | |
| Great Hall | 3 | |
| Watch Tower | 4 | |
24 total
» build order
00:09 Altar of Storms
00:15 Orc Burrow
00:52 Voodoo Lounge
01:08 War Mill
02:46 Orc Burrow
02:51 Orc Burrow
03:14 Stronghold
04:08 Orc Burrow
05:52 Beastiary
05:54 Beastiary
05:59 Beastiary
06:01 Fortress
06:21 Orc Burrow
06:32 Orc Burrow
12:16 Spirit Lodge
12:21 Spirit Lodge
14:57 Great Hall
15:06 Altar of Storms
15:40 Watch Tower
15:43 Watch Tower
15:49 Watch Tower
15:56 Watch Tower
18:12 Great Hall
19:07 Great Hall
» items
| Healing Salve | 3 | |
| Lesser Clarity Potion | 5 | |
| Scroll of Speed | 2 | |
| Scroll of Town Portal | 3 | |
| Orb of Venom | 1 | |
14 total
KingArthas (
green | 31 APM | 1647 actions | 53:19)
5 Mountain King
3 Storm Bolt
2 Bash
5 Paladin
3 Holy Light
2 Divine Shield
3 Archmage
2 Summon Water Elemental
1 Brilliance Aura
» actions
| Basic commands | 85 | |
| Build / train | 111 | |
| Enter build submenu | 38 | |
| Enter hero's abilities submenu | 13 | |
| Give item / drop item | 4 | |
| Remove unit from queue | 1 | |
| Right click | 494 | |
| Select / deselect | 795 | |
| Use ability | 105 | |
1647 total
» units
| Peasant | 14 | |
| Footman | 4 | |
| Goblin Shredder | 1 | |
| Knight | 9 | |
| Spell Breaker | 10 | |
| Siege Engine | 7 | |
| Sorceress | 4 | |
49 total
» upgrades
| Defend | 1 | |
| Masonry | 3 | |
| Lumber Harvesting | 2 | |
| Plating | 3 | |
| Swords | 2 | |
| Animal War Training | 1 | |
| Barrage | 1 | |
| Control Magic | 1 | |
| Gunpowder | 2 | |
| Magic Sentry | 1 | |
17 total
» buildings
| Altar of Kings | 1 | |
| Farm | 16 | |
| Barracks | 1 | |
| Scout Tower | 9 | |
| Lumber Mill | 1 | |
| Arcane Tower | 2 | |
| Arcane Vault | 1 | |
| Guard Tower | 7 | |
| Keep | 1 | |
| Town Hall | 3 | |
| Castle | 1 | |
| Blacksmith | 1 | |
| Arcane Sanctum | 1 | |
| Workshop | 2 | |
47 total
» build order
00:24 Altar of Kings
00:28 Farm
00:36 Barracks
01:17 Farm
01:48 Scout Tower
01:56 Farm
02:05 Lumber Mill
02:21 Arcane Tower
02:38 Arcane Vault
03:49 Scout Tower
04:18 Guard Tower
05:07 Keep
05:20 Town Hall
05:25 Scout Tower
05:29 Scout Tower
05:34 Scout Tower
05:42 Scout Tower
05:52 Farm
05:54 Guard Tower
05:57 Scout Tower
05:59 Guard Tower
06:11 Guard Tower
06:20 Guard Tower
06:29 Arcane Tower
07:43 Castle
07:47 Blacksmith
08:10 Farm
08:15 Farm
08:46 Scout Tower
08:55 Arcane Sanctum
09:11 Farm
09:28 Guard Tower
09:52 Farm
09:54 Farm
10:38 Farm
11:07 Scout Tower
11:51 Guard Tower
11:53 Farm
12:08 Workshop
12:39 Farm
13:21 Farm
15:02 Farm
15:07 Farm
16:15 Farm
18:11 Workshop
25:19 Town Hall
31:31 Town Hall
» items
| Scroll of Regeneration | 4 | |
| Potion of Healing | 2 | |
| Lesser Clarity Potion | 2 | |
| Healing Salve | 1 | |
| Scroll of Town Portal | 5 | |
| Orb of Lightning | 1 | |
| Potion of Mana | 1 | |
| Orb of Fire | 2 | |
18 total
17-INCH-PENIS (
blue | 39 APM | 1554 actions | 39:25)
7 Demon Hunter
3 Evasion
3 Immolation
1 Metamorphosis
» actions
| Basic commands | 7 | |
| Build / train | 100 | |
| Enter build submenu | 34 | |
| Enter hero's abilities submenu | 7 | |
| Give item / drop item | 1 | |
| Right click | 877 | |
| Select / deselect | 468 | |
| Use ability | 60 | |
1554 total
» units
| Wisp | 40 | |
| Archer | 8 | |
| Hippogryph | 19 | |
| Chimaera | 9 | |
76 total
» upgrades
| Ultravision | 1 | |
| Strength of the Wild | 3 | |
| Reinforced Hides | 3 | |
| Well Spring | 1 | |
| Corrosive Breath | 1 | |
9 total
» buildings
| Moon Well | 8 | |
| Altar of Elders | 1 | |
| Ancient of War | 1 | |
| Tree of Life | 2 | |
| Tree of Ages | 1 | |
| Hunter's Hall | 1 | |
| Ancient Protector | 13 | |
| Tree of Eternity | 1 | |
| Ancient of Wind | 4 | |
| Ancient of Wonders | 1 | |
| Chimaera Roost | 3 | |
36 total
» build order
00:24 Moon Well
00:36 Altar of Elders
01:27 Moon Well
01:41 Ancient of War
02:22 Moon Well
03:40 Moon Well
06:01 Tree of Life
06:18 Tree of Ages
06:40 Hunter's Hall
07:16 Moon Well
07:56 Ancient Protector
08:01 Ancient Protector
09:41 Tree of Eternity
10:29 Moon Well
10:37 Ancient of Wind
10:42 Ancient Protector
10:47 Ancient Protector
10:51 Ancient Protector
10:55 Ancient Protector
11:00 Ancient of Wind
11:07 Ancient of Wind
11:19 Ancient of Wonders
11:36 Moon Well
11:51 Ancient Protector
12:07 Chimaera Roost
12:10 Chimaera Roost
12:13 Chimaera Roost
12:27 Ancient Protector
12:34 Ancient Protector
13:09 Ancient Protector
13:13 Ancient Protector
13:16 Ancient Protector
14:56 Ancient Protector
18:24 Moon Well
25:16 Tree of Life
38:28 Ancient of Wind
» items
| Scroll of Town Portal | 4 | |
| Orb of Lightning | 1 | |
5 total
HawkAndAnimal (
yellow | 45 APM | 2395 actions | 53:19)
6 Archmage
3 Summon Water Elemental
2 Brilliance Aura
1 Mass Teleport
» actions
| Assign group hotkey | 39 | |
| Basic commands | 313 | |
| Build / train | 91 | |
| Enter build submenu | 55 | |
| Enter hero's abilities submenu | 6 | |
| Give item / drop item | 8 | |
| Remove unit from queue | 5 | |
| Right click | 958 | |
| Select / deselect | 480 | |
| Select group hotkey | 252 | |
| Use ability | 188 | |
2395 total
» units
| Peasant | 12 | |
| Footman | 8 | |
| Goblin Shredder | 2 | |
| Goblin Zeppelin | 2 | |
| Gryphon Rider | 9 | |
| Goblin Sapper | 5 | |
38 total
» upgrades
| Masonry | 3 | |
| Storm Hammers | 1 | |
| Swords | 3 | |
| Armor | 3 | |
| Animal War Training | 1 | |
| Cloud | 1 | |
12 total
» buildings
| Altar of Kings | 1 | |
| Barracks | 2 | |
| Farm | 11 | |
| Arcane Vault | 2 | |
| Keep | 1 | |
| Town Hall | 2 | |
| Lumber Mill | 1 | |
| Blacksmith | 2 | |
| Castle | 1 | |
| Gryphon Aviary | 4 | |
| Scout Tower | 48 | |
| Guard Tower | 11 | |
86 total
» build order
00:41 Altar of Kings
00:43 Barracks
00:49 Barracks
00:51 Farm
00:52 Farm
01:05 Farm
01:33 Farm
01:40 Farm
01:42 Farm
03:07 Arcane Vault
03:40 Keep
04:06 Town Hall
04:40 Lumber Mill
06:01 Blacksmith
06:16 Castle
07:25 Blacksmith
08:05 Farm
08:10 Farm
08:34 Gryphon Aviary
08:35 Gryphon Aviary
08:37 Gryphon Aviary
08:39 Gryphon Aviary
11:21 Farm
11:21 Farm
11:22 Farm
13:02 Scout Tower
13:03 Scout Tower
13:03 Scout Tower
13:03 Scout Tower
13:04 Scout Tower
13:08 Scout Tower
13:08 Scout Tower
13:09 Scout Tower
13:10 Scout Tower
13:34 Scout Tower
13:34 Scout Tower
13:35 Scout Tower
13:36 Scout Tower
13:36 Scout Tower
13:38 Scout Tower
13:39 Scout Tower
13:39 Scout Tower
13:40 Scout Tower
13:40 Scout Tower
13:41 Scout Tower
14:53 Guard Tower
15:44 Guard Tower
16:07 Town Hall
16:38 Arcane Vault
17:08 Scout Tower
17:08 Scout Tower
17:09 Scout Tower
17:09 Scout Tower
17:12 Scout Tower
17:12 Scout Tower
17:12 Scout Tower
17:13 Scout Tower
17:42 Scout Tower
17:50 Guard Tower
17:53 Guard Tower
17:55 Guard Tower
18:36 Guard Tower
18:41 Scout Tower
19:58 Guard Tower
20:02 Guard Tower
20:08 Scout Tower
20:08 Scout Tower
20:10 Scout Tower
20:11 Scout Tower
20:13 Scout Tower
20:13 Scout Tower
20:14 Scout Tower
20:15 Scout Tower
20:17 Scout Tower
21:54 Guard Tower
23:07 Scout Tower
23:08 Scout Tower
23:09 Scout Tower
23:11 Scout Tower
23:11 Scout Tower
23:11 Scout Tower
23:15 Scout Tower
23:16 Scout Tower
23:17 Scout Tower
24:37 Guard Tower
24:50 Guard Tower
» items
| Scroll of Regeneration | 4 | |
| Scroll of Town Portal | 4 | |
| Potion of Healing | 9 | |
| Mechanical Critter | 2 | |
19 total
team 2 (winner)
KARMELO (
teal | 59 APM | 1582 actions | 26:43)
4 Blademaster
2 Wind Walk
2 Critical Strike
3 Shadow Hunter
2 Healing Wave
1 Hex
2 Tauren Chieftain
1 Endurance Aura
1 War Stomp
» actions
| Assign group hotkey | 2 | |
| Build / train | 80 | |
| Enter build submenu | 27 | |
| Enter hero's abilities submenu | 10 | |
| Give item / drop item | 2 | |
| Remove unit from queue | 1 | |
| Right click | 983 | |
| Select / deselect | 396 | |
| Use ability | 81 | |
1582 total
» units
| Peon | 11 | |
| Grunt | 2 | |
| Troll Headhunter/Berserker | 2 | |
| Wind Rider | 15 | |
| Shaman | 4 | |
| Troll Witch Doctor | 3 | |
| Troll Batrider | 2 | |
39 total
» upgrades
| Ranged Weapons | 3 | |
| Armor | 3 | |
| Shaman Training | 2 | |
| Reinforced Defenses | 1 | |
| Witch Doctor Training | 2 | |
| Troll Regeneration | 1 | |
| Berserker Upgrade | 1 | |
| Liquid Fire | 1 | |
| Spiked Barricades | 1 | |
15 total
» buildings
| Altar of Storms | 2 | |
| Orc Burrow | 8 | |
| Voodoo Lounge | 1 | |
| Barracks | 2 | |
| Stronghold | 1 | |
| War Mill | 1 | |
| Watch Tower | 3 | |
| Fortress | 1 | |
| Spirit Lodge | 2 | |
| Beastiary | 3 | |
24 total
» build order
00:06 Altar of Storms
00:08 Orc Burrow
00:40 Voodoo Lounge
01:26 Barracks
01:28 Barracks
02:07 Orc Burrow
03:06 Stronghold
03:38 War Mill
03:56 Orc Burrow
05:10 Orc Burrow
06:10 Watch Tower
06:12 Watch Tower
06:15 Watch Tower
06:59 Fortress
07:49 Spirit Lodge
08:30 Beastiary
09:30 Beastiary
09:36 Spirit Lodge
12:03 Orc Burrow
15:24 Beastiary
18:16 Orc Burrow
20:01 Orc Burrow
21:14 Orc Burrow
24:38 Altar of Storms
» items
| Healing Salve | 3 | |
| Lesser Clarity Potion | 2 | |
| Scroll of Speed | 1 | |
| Orb of Lightning | 2 | |
| Tiny Great Hall | 1 | |
| Scroll of Town Portal | 1 | |
10 total
PMoney680 (
orange | 18 APM | 500 actions | 28:18)
5 Crypt Lord
1 Carrion Beetles
3 Impale
1 Spiked Carapace
3 Dark Ranger
1 Black Arrow
1 Life Drain
1 Silence
» actions
| Basic commands | 59 | |
| Build / train | 58 | |
| Enter build submenu | 24 | |
| Enter hero's abilities submenu | 8 | |
| Give item / drop item | 1 | |
| Remove unit from queue | 1 | |
| Right click | 128 | |
| Select / deselect | 179 | |
| Use ability | 42 | |
500 total
» units
| Acolyte | 7 | |
| Ghoul | 6 | |
| Crypt Fiend | 7 | |
| Frost Wyrm | 5 | |
| Gargoyle | 6 | |
31 total
» upgrades
| Creature Attack | 3 | |
| Creature Carapace | 3 | |
| Web | 1 | |
| Freezing Breath | 1 | |
8 total
» buildings
| Altar of Darkness | 1 | |
| Crypt | 2 | |
| Ziggurat | 14 | |
| Graveyard | 1 | |
| Halls of the Dead | 1 | |
| Sacrificial Pit | 1 | |
| Black Citadel | 1 | |
| Tomb of Relics | 1 | |
| Spirit Tower | 3 | |
| Boneyard | 2 | |
27 total
» build order
00:15 Altar of Darkness
00:17 Crypt
00:20 Ziggurat
01:12 Graveyard
02:00 Ziggurat
03:55 Ziggurat
04:26 Halls of the Dead
05:44 Ziggurat
07:09 Sacrificial Pit
07:55 Black Citadel
08:00 Ziggurat
08:02 Ziggurat
08:03 Ziggurat
08:06 Ziggurat
08:08 Ziggurat
08:47 Crypt
08:52 Tomb of Relics
09:05 Spirit Tower
10:19 Boneyard
10:23 Boneyard
19:16 Spirit Tower
19:34 Spirit Tower
21:52 Ziggurat
21:57 Ziggurat
21:59 Ziggurat
22:02 Ziggurat
22:05 Ziggurat
» items
| Scroll of Town Portal | 1 | |
| Potion of Healing | 2 | |
3 total
VouMelhorar (
red | 241 APM | 6796 actions | 28:12)
5 Warden
3 Shadow Strike
2 Blink
4 Naga Sea Witch
2 Frost Arrows
2 Forked Lightning
» actions
| Assign group hotkey | 37 | |
| Build / train | 125 | |
| ESC pressed | 6 | |
| Enter build submenu | 19 | |
| Enter hero's abilities submenu | 9 | |
| Right click | 2459 | |
| Select / deselect | 762 | |
| Select group hotkey | 3158 | |
| Use ability | 221 | |
6796 total
» units
| Wisp | 29 | |
| Huntress | 2 | |
| Dryad | 20 | |
| Druid of the Claw | 2 | |
| Wind Rider | 2 | |
| Shaman | 4 | |
59 total
» upgrades
| Ultravision | 1 | |
| Abolish Magic | 1 | |
| Druid of the Claw Training | 2 | |
| Strength of the Wild | 2 | |
| Reinforced Hides | 1 | |
| Mark of the Claw | 1 | |
| Well Spring | 1 | |
9 total
» buildings
| Altar of Elders | 1 | |
| Moon Well | 6 | |
| Hunter's Hall | 1 | |
| Ancient of War | 1 | |
| Ancient of Wonders | 1 | |
| Tree of Ages | 3 | |
| Ancient of Lore | 3 | |
| Tree of Eternity | 3 | |
| Tree of Life | 1 | |
| Ancient of Wind | 1 | |
| Ancient Protector | 3 | |
24 total
» build order
00:11 Altar of Elders
00:21 Moon Well
01:37 Hunter's Hall
01:45 Ancient of War
01:58 Moon Well
02:15 Ancient of Wonders
02:51 Moon Well
03:11 Tree of Ages
03:12 Tree of Ages
03:12 Tree of Ages
03:47 Moon Well
05:44 Ancient of Lore
05:47 Ancient of Lore
05:50 Ancient of Lore
11:02 Tree of Eternity
11:02 Tree of Eternity
16:09 Moon Well
16:13 Tree of Life
18:16 Ancient of Wind
20:52 Moon Well
21:35 Ancient Protector
21:37 Ancient Protector
21:39 Ancient Protector
» items
| Dust of Appearance | 2 | |
| Scroll of Town Portal | 2 | |
| Staff of Preservation | 2 | |
| Potion of Healing | 6 | |
| Lesser Clarity Potion | 2 | |
| Orb of Venom | 1 | |
15 total
ItsOn (
pink | 0 APM | 2 actions | 53:19)
Chat log
(00:11 / All) 17-INCH-PENIS: Hello
(00:17 / Allies) KingArthas: hi
(00:29 / All) KARMELO: will you suck my 17 inch penis?
(00:36 / All) HawkAndAnimal: There's something I would say to you, but I have trouble finding the words
(00:45 / All) VouMelhorar: hahahaha
(00:55 / All) 17-INCH-PENIS: Too busy getting mine sucked by your mum
(00:59 / All) HawkAndAnimal: Teal, I love you. I always have.
(01:10 / All) KARMELO: hope you don't catch her hiv
(01:12 / All) KingArthas: maybe because his 17" is stuck in your mouth thats why
(01:29 / All) HawkAndAnimal: I'm an ogre princess trapped in a human man's body, but I'm having an operation done
(01:49 / All) HawkAndAnimal: Could you love an ogre princess?
(02:37 / All) omen2: with 2 beers in my body you still fuckable
(02:50 / All) HawkAndAnimal: You'd have to marry me first, I don't give it up that easy
(02:55 / Allies) 17-INCH-PENIS: help
(03:00 / All) KARMELO: nice blue
(03:07 / Allies) omen2: coming
(03:18 / Allies) omen2: coming
(06:55 / All) KARMELO: stoopid hack
(08:12 / All) omen2: brainless noobs
(08:18 / All) KARMELO: stfu noob
(08:28 / All) omen2: noob
(09:05 / Allies) 17-INCH-PENIS: lol
(09:10 / Allies) omen2: coming to help
(09:17 / Allies) omen2: autowells please
(09:55 / Allies) HawkAndAnimal: do I have to tp
(10:21 / Allies) HawkAndAnimal: get some towers
(10:23 / Allies) 17-INCH-PENIS: yes
(12:57 / Allies) HawkAndAnimal: get towers purple
(13:17 / Allies) omen2: wtf are you doing?
(13:25 / Allies) 17-INCH-PENIS: ?
(13:36 / Allies) omen2: are yopu gonna fight with towers?
(13:52 / Allies) 17-INCH-PENIS: im sick of getting harsseed
(13:57 / Allies) omen2: tp noobs
(15:05 / Allies) 17-INCH-PENIS: gold?
(15:12 / Allies) 17-INCH-PENIS: WTF
(16:12 / Allies) omen2: no shop nice
(16:52 / Allies) omen2: i cancelled it
(17:22 / Allies) 17-INCH-PENIS: TP
(17:22 / Allies) 17-INCH-PENIS: PLEASE
(17:34 / Allies) 17-INCH-PENIS: TP
(17:41 / Allies) omen2: tp all now
(17:54 / All) VouMelhorar: gg
(17:57 / All) VouMelhorar: 4x3
(17:58 / Allies) 17-INCH-PENIS: hit
(18:01 / All) omen2: fucking noobs
(18:02 / All) VouMelhorar: pink is afk
(18:11 / All) HawkAndAnimal: He's just playing opossum
(19:08 / Allies) 17-INCH-PENIS: we need to attack
(20:24 / Allies) 17-INCH-PENIS: NEED AA
(20:32 / Allies) omen2: prepare to tp all
(20:55 / Allies) 17-INCH-PENIS: NEED AA
(21:10 / Allies) KingArthas: tp
(21:17 / Allies) omen2: tp noobs
(23:15 / Allies) 17-INCH-PENIS: NEED AA
(23:32 / Allies) omen2: tp there?
(23:36 / Allies) HawkAndAnimal: they coming for ya blue
(23:39 / Allies) 17-INCH-PENIS: TP?
(23:42 / Allies) omen2: yes
(23:46 / Allies) HawkAndAnimal: I'
(23:49 / Allies) HawkAndAnimal: I'm not tp
(24:47 / Allies) KingArthas: meet
(25:09 / Allies) omen2: meet
(25:27 / Allies) 17-INCH-PENIS: wait
(25:27 / Allies) 17-INCH-PENIS: B
(25:28 / Allies) 17-INCH-PENIS: B
(25:28 / Allies) 17-INCH-PENIS: BB
(25:28 / Allies) 17-INCH-PENIS: B
(25:29 / Allies) 17-INCH-PENIS: B
(25:29 / Allies) 17-INCH-PENIS: B
(25:29 / Allies) 17-INCH-PENIS: B
(25:30 / Allies) 17-INCH-PENIS: B
(25:30 / Allies) 17-INCH-PENIS: B
(25:30 / Allies) 17-INCH-PENIS: B
(25:31 / Allies) 17-INCH-PENIS: B
(25:31 / Allies) 17-INCH-PENIS: B
(25:31 / Allies) 17-INCH-PENIS: B
(25:32 / Allies) 17-INCH-PENIS: BB
(25:33 / Allies) 17-INCH-PENIS: B
(25:50 / Allies) 17-INCH-PENIS: WAIT FOR MY CHIM
(25:51 / Allies) 17-INCH-PENIS: WAIT
(25:58 / Allies) KingArthas: meet here
(25:58 / Allies) omen2: bak human
(26:02 / Allies) omen2: back'
(26:05 / Allies) omen2: back
(26:10 / Allies) 17-INCH-PENIS: COME
(26:14 / Allies) omen2: backkkkkkk'
(26:24 / Allies) KingArthas: make shop elf
(26:34 / Allies) 17-INCH-PENIS: NO GOLD
(26:40 / Allies) omen2: meet bottom
(26:50 / All) PMoney680: gg
(26:55 / Allies) omen2: back'
(26:58 / All) VouMelhorar: yea
(27:05 / Allies) omen2: go inside base
(27:07 / Allies) 17-INCH-PENIS: FUCKING MEET
(27:27 / Allies) 17-INCH-PENIS: TP
(27:31 / Allies) omen2: i tp
(27:37 / Allies) 17-INCH-PENIS: YELLOWTP
(28:09 / All) PMoney680: i think we would have won if pink were here
(28:11 / 6) HawkAndAnimal: I tk
(28:11 / All) VouMelhorar: gg
(28:15 / 6) HawkAndAnimal: I tk
(28:20 / 6) HawkAndAnimal: just get towers
(28:28 / Allies) 17-INCH-PENIS: GG
(28:35 / Allies) 17-INCH-PENIS: GOOD WQORK
(28:37 / Allies) 17-INCH-PENIS: WITH TANKS
(30:13 / Allies) 17-INCH-PENIS: HIS TKING
(30:13 / Allies) 17-INCH-PENIS: LOL
(33:37 / Allies) omen2: kill motherfucker
(33:47 / Allies) omen2: hawkandanimal
(34:37 / Allies) omen2: what are you doing you fucking retard?
(36:32 / Allies) omen2: now what?
(37:03 / Allies) KingArthas: gold me
(37:22 / Allies) omen2: boring game with this noob
(38:08 / All) HawkAndAnimal: Lordaeron is easy mode
(38:33 / All) KingArthas: its becomes easy with morons like you lol
(38:53 / All) HawkAndAnimal: That was hilarious I can see why you would laugh at your own lame attempt at humor
(39:35 / All) KingArthas: you bored yellow? why dont you just hang yourself and get end your life lol
(44:31 / All) KingArthas: ok time to sleep... have fun retard lol
(44:33 / Allies) HawkAndAnimal: You're the king? WELL I DIDN'T VOTE FOR YOU
(44:41 / Allies) HawkAndAnimal: You could win
(44:45 / Allies) HawkAndAnimal: If pink leaves before you do
(45:03 / All) KingArthas: you still suck yellow, so have a bad night
(45:13 / Allies) HawkAndAnimal: I beat you
(45:15 / All) KingArthas: zzzzzzzzzzzzzzzzzzzzzzzzzzzzzzz
(45:23 / All) KingArthas: in your dreams lol
(45:28 / All) HawkAndAnimal: I just defeated you
(45:34 / All) HawkAndAnimal: I have complete control of the map
(45:38 / All) HawkAndAnimal: I win, I'm king of the hill
(45:57 / All) KingArthas: finish this game slave LOL
(46:20 / All) KingArthas: or youll just run around the map like an idiot that you are LOl
(46:48 / Allies) HawkAndAnimal: Where is your army? Oh yeah, I killed it
(46:50 / Allies) HawkAndAnimal: < champion
(46:57 / Allies) HawkAndAnimal: ROAD WARRIORS, REIGN SUPREME
(49:49 / All) KingArthas: that right SLAVE..... HAHAHA finish this game and hang yourself after LOL
(52:22 / All) HawkAndAnimal: This reaming courtesy of the beast from the east, Lord Farsanky
(52:28 / All) HawkAndAnimal: www.youtube.com/lordfarsanky
(53:10 / Allies) HawkAndAnimal: Good luck